 Dungeon Crawl Stone Soup version 0.29.0-4-gdea44cf6ec (webtiles) character file.

Game seed: 15160546912908166288

85 qw the Chopper (level 4, 0/26 HPs)
             Began as a Tengu Warper on Aug 29, 2022.
             Slain by a goblin
             ... wielding a +0 dagger
              (3 damage)
             ... on level 3 of the Dungeon.
             The game lasted 00:00:32 (2524 turns).

qw the Chopper (Tengu Warper)                       Turns: 2524, Time: 00:00:33

Health: 0/26       AC:  5    Str: 14    XL:     4   Next: 48%
Magic:  8/8        EV: 11    Int: 13    God:
Gold:   143        SH:  0    Dex: 13    Spells: 7/7 levels left

rFire   . . .      SeeInvis .   Y - +0 hand axe
rCold   . . .      Faith    .   (no shield)
rNeg    . . .      Spirit   .   g - +0 ring mail
rPois   .          Reflect  .   (helmet restricted)
rElec   .          Harm     .   (no cloak)
rCorr   .          Rampage  .   (no gloves)
Will    .....                   (boots unavailable)
Stlth   +.........              (no amulet)
HPRegen 0.08/turn               (no ring)
MPRegen 0.11/turn               (no ring)

@: lethally poisoned (0 -> -2), about to teleport
A: beak, talons 3
a: no special abilities


You were on level 3 of the Dungeon.
You visited 1 branch of the dungeon, and saw 3 of its levels.

You collected 143 gold pieces.


Innate Abilities, Weirdness & Mutations

You have a beak for a mouth.
You have claws for feet.


   Skills:
 - Level 2.0 Fighting
 + Level 5.0 Axes
 - Level 1.0 Throwing
 - Level 1.1 Armour
 - Level 2.1 Dodging
 - Level 2.0 Spellcasting
 - Level 2.4 Translocations


You had 7 spell levels left.
You didn't know any spells.
Your spell library contained the following spells:

 Spells                   Type           Power      Damage    Failure   Level
 Blink                    Tloc           14%        N/A       30%         2
 Gell's Gravitas          Tloc           7%         N/A       52%         3
 Lesser Beckoning         Tloc           7%         N/A       52%         3
 Teleport Other           Tloc           7%         N/A       52%         3
 Manifold Assault         Tloc           7%         N/A       99%         5

Inventory:

Hand Weapons
 d - a +0 club
 Y - a +0 hand axe (weapon)
Armour
 g - a +0 ring mail (worn)
Scrolls
 a - a scroll of identify
Potions
 b - a potion of haste

Dungeon Overview and Level Annotations

Branches:
Dungeon (3/15)

Altars:

Annotations:
D:2 1 runed translucent door, Crazy Yiuf


Message History

Jessica hits you with a +4 club!
A hobgoblin comes into view.
The hobgoblin shouts!
You hit Jessica.
You kill Jessica!
You closely miss the goblin. The goblin hits you but does no damage.
You have reached level 4!
You feel stronger.
You slash the goblin!
You kill the goblin!
You closely miss the orc. You claw the orc.
You kill the orc!
The adder misses you.
You miss the adder. Your kick misses the adder. Your peck misses the adder.
The adder bites you.
An orc comes into view. It is wielding a +0 short sword.
The orc shouts!
You hit the adder but do no damage. You claw the adder.
The adder is severely wounded.
You closely miss the goblin. The adder bites you.
You are poisoned.
The adder poisons you! The goblin hits you but does no damage.
The adder barely misses you.
You slash the adder!
You kill the adder!
You hit the goblin.
You feel sick.
An orc comes into view. It is wielding a +0 hand axe.
The goblin hits you but does no damage.
Your Axes skill increases to level 5!
2523 ||| Stepping ~*~*~tactically~*~*~ (stealth).
The hobgoblin attacks as you move away! The hobgoblin closely misses you.
The goblin attacks as you move away! The goblin hits you with a +0 dagger.
You feel sick.
2524 ||| READING scroll of teleportation.
As you read the scroll of teleportation, it crumbles to dust.
You feel strangely unstable.
You feel sick. The goblin hits you with a +0 dagger.
You die...

######### .. #......)# ..
# #.......# ##. ..
#.......# #.. ## ## ..
#.......#####.###. g##.#
#.......##<##.#[!. ...
#....(..+..##.###.#.# #.#
#....)..##......##g##.....
#####'#.........@gg.......
#.#.###.###.##o<...#.#
#.#.< #.# #........#
#.#.#.#.# ###.........
#+#+#+#.. #'###..### ..#
... o># ..# .... ..# ..#
#.. .. .# ....


You could see an orc, 2 hobgoblins and a goblin.

Vanquished Creatures
  Jessica (D:3)
  3 adders
  An orc (D:3)
  4 bats
  3 endoplasms
  A giant cockroach (D:1)
  6 goblins
  2 hobgoblins (D:2)
  4 ball pythons
  3 frilled lizards
  A kobold (D:1)
  2 rats (D:1)
31 creatures vanquished.

Notes
Turn   | Place    | Note
-------+----------+-------------------------------------------
     0 | D:1      | qw the Tengu Warper began the quest for the Orb.
     0 | D:1      | Reached XP level 1. HP: 12/12 MP: 4/4
     0 | D:1      | 0 ||| qw: Version: 0.1-a-89-g26bdef1
     0 | D:1      | 0 ||| qw: Game counter: 3520
     0 | D:1      | 0 ||| qw: Always use a shield: true
     0 | D:1      | 0 ||| qw: God list: Okawaru
     0 | D:1      | 0 ||| qw: Allow faded altars: false
     0 | D:1      | 0 ||| qw: Do Orc after D:15 true
     0 | D:1      | 0 ||| qw: Do second Lair branch before Depths: true
     0 | D:1      | 0 ||| qw: Lair rune preference: random
     0 | D:1      | 0 ||| qw: Plans: Normal
     0 | D:1      | 0 ||| PLANNING D:1-11
    55 | D:1      | 55 ||| Stepping ~*~*~tactically~*~*~ (stealth).
   179 | D:1      | Reached XP level 2. HP: 17/17 MP: 6/6
   198 | D:1      | Reached skill level 3 in Axes
  1065 | D:1      | 1065 ||| UPGRADING to +0 ring mail.
  1075 | D:1      | 1075 ||| DROPPING +0 leather armour.
  1076 | D:1      | 1076 ||| READING 2 scrolls labelled QIS WEONU DYEDGH.
  1077 | D:1      | 1077 ||| READING scroll labelled FAONIHE DYDI.
  1078 | D:1      | 1078 ||| DROPPING scroll of blinking.
  1131 | D:2      | Reached XP level 3. HP: 10/21 MP: 7/7
  1488 | D:2      | Reached skill level 4 in Axes
  1705 | D:2      | You fall into a shaft and drop 1 floor!
  1720 | D:3      | 1720 ||| READING scroll labelled ATEXAESTR EXOIS.
  1721 | D:3      | 1721 ||| DRINKING 2 purple potions.
  1823 | D:2      | Found a runed translucent door.
  1824 | D:2      | Noticed Crazy Yiuf
  2241 | D:2      | 2241 ||| READING scroll labelled EMEUSCH VIZAMY.
  2242 | D:2      | 2242 ||| READING 2 scrolls labelled AJEYKHL HIRY.
  2309 | D:2      | 2309 ||| READING scroll labelled JAEBIA CYRIEDD.
  2508 | D:3      | 2508 ||| Stepping ~*~*~tactically~*~*~ (stealth).
  2510 | D:3      | 2510 ||| Stepping ~*~*~tactically~*~*~ (stealth).
  2512 | D:3      | Noticed Jessica
  2515 | D:3      | 2515 ||| Stepping ~*~*~tactically~*~*~ (stealth).
  2517 | D:3      | Killed Jessica
  2518 | D:3      | Reached XP level 4. HP: 11/26 MP: 8/8
  2522 | D:3      | HP: 6/26 [poisoned by an adder]
  2523 | D:3      | Reached skill level 5 in Axes
  2523 | D:3      | 2523 ||| Stepping ~*~*~tactically~*~*~ (stealth).
  2524 | D:3      | 2524 ||| READING scroll of teleportation.
  2524 | D:3      | Slain by a goblin

Levels and vault maps discovered:
D:1:      eino_arrival_tree_alley, layout_basic, chequers_serial_rivers_large_a,
          nicolae_figureground_sparkle
D:2:      layout_loops_ring, minmay_liquid_box, uniq_crazy_yiuf_cottage
D:3:      layout_basic, hangedman_abyss_or_decor_lesser_grid, minmay_ruptured,
          uniq_jessica, uniq_natasha

Skill      XL: |  1  2  3  4 |
---------------+-------------+-----
Axes           | 3 4 5 |  5.0
Fighting       | |  2.0
Throwing       | |  1.0
Armour         | |  1.1
Dodging        | |  2.1
Spellcasting   | |  2.0
Translocations | |  2.4

Action                   |  1- 3 |  4- 6 || total
-------------------------+-------+-------++-------
Melee: Hand axe          |    60 |     5 ||    65
       Kick              |    12 |     2 ||    14
       Peck              |     3 |       ||     3
       Punch             |     1 |       ||     1
Throw: Boomerang         |     7 |       ||     7
  Use: Scroll            |     6 |     1 ||     7
       Potion            |     1 |       ||     1
Armor: Leather armour    |     8 |       ||     8
       Ring mail         |     7 |     2 ||     9
Dodge: Dodged            |    28 |     3 ||    31

Table legend:
 A = Non-vault XP
 B = Vault XP
 C = Vault XP percentage of total XP
 D = Non-vault monster count
 E = Vault monster count
 F = Vault count percentage of total count
                 A         B        C        D         E       F
            +---------+---------+-------+---------+---------+-------
      Total |      70 |      52 |  42.6 |      28 |       3 |   9.7
            +---------+---------+-------+---------+---------+-------
        D:1 |      20 |       0 |   0.0 |      13 |       0 |   0.0
        D:2 |      45 |       0 |   0.0 |      13 |       0 |   0.0
        D:3 |       5 |      52 |  91.2 |       2 |       3 |  60.0
            +---------+---------+-------+---------+---------+-------
